 Dungeon Crawl Stone Soup version 0.25-a0-949-gdd2af9e06e (webtiles) character file.

Game seed: 9699491879098278016, levelgen mode: deterministic

6290 Flugslaktarn the Cleaver (level 10, 0/91 HPs)
             Began as a Minotaur Fighter on May 9, 2020.
             Was an Elder of Cheibriados.
             Slain by an ogre
             ... wielding a +0 giant club
              (6 damage)
             ... on level 9 of the Dungeon.
             The game lasted 00:03:51 (8765 turns).

Flugslaktarn the Cleaver (Minotaur Fighter)         Turns: 8765, Time: 00:03:52

Health: 0/91       AC: 17    Str: 31    XL:     10   Next: 63%
Magic:  12/12      EV: 11    Int: 15    God:    Cheibriados [****..]
Gold:   316        SH:  0    Dex: 23    Spells: 9/9 levels left

rFire    . . .     SeeInvis .   u - +3 battleaxe (freeze)
rCold    . . .     Gourm    .   (shield currently unavailable)
rNeg     . . .     Faith    .   j - +0 plate armour
rPois    .         Spirit   .   (helmet restricted)
rElec    .         Reflect  .   f - +2 cloak
rCorr    .         Harm     .   (no gloves)
MR       .....                  (no boots)
Stlth    ..........             (no amulet)
HPRegen  0.25/turn              (no ring)
MPRegen  0.13/turn              (no ring)

@: very slow
A: retaliatory headbutt, horns 2
a: Bend Time, Temporal Distortion, Slouch, Renounce Religion


You were on level 9 of the Dungeon.
You worshipped Cheibriados.
Cheibriados was greatly pleased with you.
You were not hungry.

You visited 1 branch of the dungeon, and saw 9 of its levels.
You also visited: Ossuary.

You collected 316 gold pieces.

Inventory:

Hand Weapons
 a - a +0 war axe
 u - a +3 battleaxe of freezing (weapon)
   (You took it off a wight on level 6 of the Dungeon)
Armour
 b - a +0 scale mail
 c - a +0 kite shield
 f - a +2 cloak (worn)
   (You found it on level 1 of the Dungeon)
 j - a +0 plate armour (worn)
   (You found it on level 1 of the Dungeon)
 B - +0 swamp dragon scales
   (You took it off Maggie on level 8 of the Dungeon)
Jewellery
 m - an uncursed ring of positive energy {unknown}
   (You found it on level 2 of the Dungeon)
Scrolls
 i - a scroll of fear {unknown}
 k - 4 scrolls of identify {unknown}
 l - a scroll of magic mapping {unknown}
 s - a scroll of amnesia {unknown}
 t - a scroll of teleportation
 x - 2 scrolls of remove curse
 y - 3 scrolls of enchant armour {unknown}
Potions
 d - a potion of might
 g - 2 potions of brilliance {unknown}
 h - 3 potions of haste
 n - a potion of cancellation {unknown}
 o - 2 potions of stabbing {unknown}
 p - 2 potions of lignification {unknown}
 q - 6 potions of curing
 r - a potion of degeneration {unknown}
 v - 2 potions of heal wounds {unknown}
 w - 3 potions of flight {unknown}
 z - 2 potions of ambrosia {unknown}
 A - 2 potions of mutation {unknown}
 D - a potion of magic {unknown}
Comestibles
 e - 15 rations
 C - 5 chunks of flesh


   Skills:
 + Level 9.1 Fighting
 * Level 11.7 Axes
 + Level 9.0 Armour
 + Level 4.7 Dodging
 - Level 7.1 Shields
 + Level 4.9 Invocations


You had 9 spell levels left.
You didn't know any spells.
Your spell library was empty.

Dungeon Overview and Level Annotations

Branches:
Dungeon (9/15)             Temple (0/1) D:6         Ossuary (visited)
   Lair: D:8-11         Orc: D:9-12

Altars:
Cheibriados
Gozag
Trog
Vehumet
Zin
The Shining One

Annotations:
D:6 2 runed translucent doors, tilp's ghost, novice KoAM


Innate Abilities, Weirdness & Mutations

You reflexively headbutt those who attack you in melee.
You have a pair of horns on your head.


Message History

The electric eel shoots out a bolt of lightning at you!
The bolt of electricity hits the plant.
The bolt of electricity hits you!
* * * LOW HITPOINT WARNING * * *
The ogre hits you with a +0 giant club.
* * * LOW HITPOINT WARNING * * *
A manticore comes into view.
You are too injured to fight recklessly!
You are too injured to fight recklessly!
You are too injured to fight recklessly!
The electric eel shoots out a bolt of lightning at you!
The bolt of electricity hits the plant! x2; The bolt of electricity hits you!
* * * LOW HITPOINT WARNING * * *
An electric eel comes into view.
The ogre hits you but does no damage.
You are too injured to fight recklessly!
The electric eel shoots out a bolt of lightning at you!
The bolt of electricity hits you.
* * * LOW HITPOINT WARNING * * *
The ogre hits you with a +0 giant club.
You die...

#.#♣♣♣≈≈≈≈≈.≈≈≈♣ ##
#.♣♣≈≈≈≈≈≈≈.≈P♣
#.♣♣≈≈≈≈≈≈≈.≈≈♣
#.≈P≈P≈≈≈≈≈.≈≈♣♣
#..♣≈≈≈≈≈≈≈.≈P≈♣♣♣♣#
##..♣≈P≈≈≈≈.†≈≈≈P≈≈♣♣
##..≈≈PP≈≈.≈≈≈P≈;≈≈≈
##..♣≈≈P≈.OP≈≈≈≈;≈≈
##..♣≈≈!@.......H.
##.#♣≈..♣≈≈≈≈≈≈≈≈
#.###..#P♣≈≈P≈♣♣ #.#
..###≈♣♣♣≈≈≈ #.##.##
#≈ ### #.##. # #.##.
#.##.


You could see an ogre and 2 electric eels.

Vanquished Creatures
  A two-headed ogre (D:6)
  Maggie (D:8)
  Grinder (D:5)
  A hippogriff (D:8)
  Sigmund (D:2)
  4 yaks (D:8)
  2 orc warriors
  A hornet zombie (D:6)
  An ice beast (D:7)
  A phantom (D:6)
  7 ogres
  A black bear (D:8)
  4 centaurs
  2 elf zombies (Ossuary)
  5 bullfrogs
  2 scorpions
  8 wights
  8 killer bees
  3 howler monkeys
  An electric eel (D:9)
  3 crimson imps
  A bullfrog zombie (D:5)
  5 centaur zombies
  A human zombie (Ossuary)
  A jelly (D:7)
  3 hounds
  7 orc wizards
  6 orc priests
  A centaur skeleton (D:7)
  Jessica (D:2)
  An iguana (D:6)
  Natasha (thrice) (D:2)
  6 worker ants
  2 hound zombies (Ossuary)
  3 mummies (Ossuary)
  A howler monkey skeleton (D:7)
  8 adders
  7 gnolls
  A shadow imp (D:5)
  5 adder zombies
  2 adder skeletons
  A worm (D:5)
  A dart slug (D:5)
  2 leopard geckos
  29 orcs
  4 giant cockroaches
  A gnoll zombie (Ossuary)
  4 goblins
  5 hobgoblins
  9 jackals
  6 kobolds
  2 quokkas
  A ball python (D:6)
  5 bats
  5 frilled lizards
  5 goblin zombies (Ossuary)
  4 hobgoblin zombies (Ossuary)
  A jackal skeleton (D:6)
  4 jackal zombies
  3 kobold zombies (Ossuary)
  An orc zombie (Ossuary)
  A quokka zombie (Ossuary)
  3 rats (D:1)
  4 rat zombies
224 creatures vanquished.

Vanquished Creatures (others)
  3 plants (D:9)
3 creatures vanquished.

Grand Total: 227 creatures vanquished

Notes
Turn   | Place    | Note
-------+----------+-------------------------------------------
     0 | D:1      | Flugslaktarn the Minotaur Fighter began the quest for the
                  | Orb.
     0 | D:1      | Reached XP level 1. HP: 19/19 MP: 0/0
   188 | D:1      | Reached skill level 3 in Axes
   188 | D:1      | Reached XP level 2. HP: 22/27 MP: 1/1
   394 | D:2      | Noticed Natasha
   398 | D:2      | Killed Natasha
   398 | D:2      | Reached XP level 3. HP: 33/33 MP: 2/2
   481 | D:2      | Reached XP level 4. HP: 35/40 MP: 3/3
   552 | D:2      | Noticed Natasha
   553 | D:2      | Noticed Jessica
   561 | D:2      | Killed Jessica
   561 | D:2      | Reached skill level 4 in Axes
   572 | D:2      | Killed Natasha
   748 | D:2      | Noticed Natasha
   752 | D:2      | Killed Natasha
   752 | D:2      | Reached XP level 5. HP: 39/47 MP: 4/4
   828 | D:2      | Noticed Sigmund
   935 | D:2      | Killed Sigmund
   935 | D:2      | Reached skill level 5 in Axes
   935 | D:2      | Reached XP level 6. HP: 25/55 MP: 5/5
  1247 | D:3      | Reached skill level 5 in Fighting
  1261 | D:3      | Reached skill level 5 in Armour
  1261 | D:3      | Reached skill level 5 in Shields
  1507 | D:3      | Found a glowing golden altar of the Shining One.
  1840 | D:4      | Reached skill level 6 in Axes
  1852 | D:4      | Reached XP level 7. HP: 57/61 MP: 6/6
  2703 | D:5      | Entered Level 5 of the Dungeon
  2828 | D:5      | Reached skill level 7 in Axes
  2919 | D:5      | Reached XP level 8. HP: 15/70 MP: 7/7
  3283 | D:5      | Noticed Grinder
  3287 | D:5      | Killed Grinder
  3287 | D:5      | Reached skill level 8 in Axes
  4075 | D:5      | Found a snail-covered altar of Cheibriados.
  4086 | D:5      | Became a worshipper of Cheibriados the Contemplative
  4385 | D:6      | Reached skill level 1 in Invocations
  4477 | D:6      | Reached skill level 9 in Axes
  4877 | D:6      | Found a staircase to the Ecumenical Temple.
  4897 | D:6      | Reached XP level 9. HP: 75/79 MP: 9/9
  4920 | D:6      | Found an opulent altar of Gozag.
  5028 | D:6      | Reached * piety under Cheibriados
  5102 | D:6      | Reached skill level 1 in Dodging
  5411 | D:6      | Noticed a two-headed ogre
  5418 | D:6      | Killed a two-headed ogre
  5418 | D:6      | Reached skill level 10 in Axes
  5895 | D:6      | Found a large runed translucent door.
  5895 | D:6      | Found a large runed translucent door.
  5913 | D:6      | Reached ** piety under Cheibriados
  5980 | D:6      | Noticed tilp's ghost (novice KoAM)
  6070 | D:7      | You fall into a shaft and drop 1 floor!
  6148 | D:8      | Found a sand-covered staircase.
  6158 | Ossuary  | Entered an ossuary
  6411 | Ossuary  | Reached *** piety under Cheibriados
  6476 | D:8      | Noticed Maggie
  6481 | D:8      | Killed Maggie
  6481 | D:8      | Reached XP level 10. HP: 72/88 MP: 11/11
  6839 | D:7      | Found a glowing silver altar of Zin.
  7218 | D:7      | Reached skill level 11 in Axes
  7477 | D:7      | Found a bloodstained altar of Trog.
  7484 | D:7      | Reached **** piety under Cheibriados
  7548 | D:7      | Found a radiant altar of Vehumet.
  8763 | D:9      | Noticed a manticore
  8765 | D:9      | Slain by an ogre

Levels and vault maps discovered:
D:1:      minmay_arrival_four_houses, layout_loops_cross
D:2:      layout_basic, uniq_sigmund, uniq_jessica, uniq_natasha
D:3:      cheibrodos_thug_alley, layout_basic, tso_metal_star
D:4:      layout_layer_cave, minmay_misc_feat_hallway
D:5:      layout_basic, kennysheep_slug_shrine, first_ration, uniq_grinder
D:6:      layout_cave_pools, lemuel_crystal_altar,
          minmay_temple_entry_drinking_statues, ebering_ghost_disaster_area,
          serial_glass, glass_columns_c, glass_columns_a, glass_columns_b,
          glass_columns_a, glass_columns_c, glass_columns_b, minivault_11
D:7:      layout_loops_corners, lemuel_coloured_pillars_altar, bloody_trog,
          nicolae_overflow_hidden_temple
D:8:      layout_basic, enter_ossuary_4, uniq_maggie
D:9:      layout_cave_pools, overflow_temple_1_default,
          okawaru_altar_gauntlet_db, lair_entry_dummy, serial_shops, shop_coins,
          kennysheep_little_box, shop, grunt_livestock, serial_bayou_lagoon_b

Skill      XL: |  1  2  3  4  5  6  7  8  9 10 |
---------------+-------------------------------+-----
Axes           | 3 4 5 6 7 9 10 11 | 11.7
Fighting       | 4 5 6 7 8 9 |  9.1
Armour         | 4 5 6 7 8 9 |  9.0
Shields        | 4 5 6 7 |  7.1
Invocations    | 1 3 4 |  4.9
Dodging        | 3 4 |  4.7

Action                   |  1- 3 |  4- 6 |  7- 9 | 10-12 || total
-------------------------+-------+-------+-------+-------++-------
Melee: War axe           |    75 |    94 |   134 |       ||   303
       Headbutt          |     7 |    13 |    64 |    35 ||   119
       Unarmed           |       |    25 |       |       ||    25
       Battleaxe         |       |       |   140 |   108 ||   248
  Use: Scroll            |       |     2 |       |       ||     2
       Potion            |       |       |     1 |       ||     1
  Eat: Chunk             |       |     3 |     8 |     2 ||    13
       Ration            |       |       |     2 |       ||     2
Armor: Scale mail        |     5 |       |       |       ||     5
       Plate armour      |    58 |    57 |   165 |    77 ||   357
       Skin              |       |     7 |       |       ||     7
Dodge: Dodged            |    15 |    41 |    86 |    68 ||   210
Block: Kite shield       |    48 |    61 |    82 |       ||   191

Table legend:
 A = Non-vault XP
 B = Vault XP
 C = Vault XP percentage of total XP
 D = Non-vault monster count
 E = Vault monster count
 F = Vault count percentage of total count
                 A         B        C        D         E       F
            +---------+---------+-------+---------+---------+-------
      Total |    7451 |    1535 |  17.1 |     180 |      44 |  19.6
            +---------+---------+-------+---------+---------+-------
        D:1 |      35 |       0 |   0.0 |      15 |       0 |   0.0
        D:2 |     105 |     293 |  73.6 |      10 |       3 |  23.1
        D:3 |      69 |       0 |   0.0 |      15 |       0 |   0.0
        D:4 |     627 |       0 |   0.0 |      27 |       0 |   0.0
        D:5 |     741 |     266 |  26.4 |      17 |       2 |  10.5
        D:6 |    2587 |       0 |   0.0 |      35 |       0 |   0.0
        D:7 |    1303 |       0 |   0.0 |      33 |       0 |   0.0
        D:8 |    1831 |     417 |  18.5 |      26 |       3 |  10.3
        D:9 |     153 |       0 |   0.0 |       2 |       0 |   0.0
    Ossuary |       0 |     559 | 100.0 |       0 |      36 | 100.0
            +---------+---------+-------+---------+---------+-------
